 Dungeon Crawl Stone Soup version 0.30.1-9-gdf580d7c3d (webtiles) character file.

Game seed: 12901047158512458889

11648 Peloso the Protected (level 11, -6/95 HPs)
             Began as a Minotaur Fighter on Sept 30, 2023.
             Was a High Priest of Okawaru.
             Engulfed by an ice statue's freezing vapour (12 damage)
             ... in a Gauntlet.
             The game lasted 00:17:34 (11413 turns).

Peloso the Protected (Minotaur Fighter)            Turns: 11413, Time: 00:17:34

Health: -6/95      AC: 20    Str: 22    XL:     11   Next: 52%
Magic:  9/11       EV: 11    Int:  8    God:    Okawaru [*****.]
Gold:   587        SH:  8    Dex: 16    Spells: 10/10 levels left

rFire   + . .        b - +7 spear "Uhaf" {heavy, +Blink Int+3 Dex+3}
rCold   . . .        d - +0 buckler
rNeg    . . .        Q - +0 plate armour
rPois   .            (helmet restricted)
rElec   .            (no cloak)
rCorr   .            A - +0 pair of gloves
SInv    .            (no boots)
Will    .....        (no amulet) Stlth
                     y - ring of protection from fire
HPRegen 0.35/turn    (no ring)
MPRegen 0.12/turn

%: no teleportation
@: heroic
A: horns 2, retaliatory headbutt
a: Renounce Religion, Evoke Blink, Heroism, Finesse, Duel


You were in a Gauntlet.
You worshipped Okawaru.
Okawaru was extremely pleased with you.
You visited 3 branches of the dungeon, and saw 13 of its levels.
You also visited: Gauntlet.

You collected 763 gold pieces.
You spent 176 gold pieces at shops.

Inventory:

Hand Weapons
 a - a +0 long sword of draining
 b - the +7 spear "Uhaf" (weapon) {heavy, +Blink Int+3 Dex+3}
   (You found it on level 4 of the Dungeon)

   Int:       It affects your intelligence (+3).
   Dex:       It affects your dexterity (+3).
   +Blink:    It lets you blink.
 c - the +7 great mace "Undeadhunter" {deathbane, rN+}
   (You found it in a Gauntlet)

   rN:        It protects you from negative energy.
Armour
 d - a +0 buckler (worn)
 v - the +3 leather armour "Jiestuvi" {rPois Will+ Dex+3 SInv}
   (You found it on level 3 of the Dungeon)

   Dex:       It affects your dexterity (+3).
   rPois:     It protects you from poison.
   SInv:      It lets you see invisible.
   Will:      It increases your willpower.
 A - a +0 pair of gloves (worn)
 P - the -1 pair of gloves of Okawaru's Reproof {Rampage rC+}
   (Okawaru gifted it to you in a Gauntlet)

   rC:        It protects you from cold.
   Rampage:   It bestows one free step when moving towards enemies.
 Q - a +0 plate armour (worn)
Jewellery
 e - a ring of ice
 i - a ring of wizardry
 y - a ring of protection from fire (left hand)
 B - a ring of resist corrosion
 H - an amulet of the acrobat
 O - a ring of ice
Wands
 x - a wand of flame (58)
 G - a wand of paralysis (13)
 M - a wand of roots (4)
Scrolls
 h - 2 scrolls of magic mapping
 j - 2 scrolls of noise
 k - 13 scrolls of identify
 n - 4 scrolls of immolation {unknown}
 q - 3 scrolls of fog {unknown}
 r - 2 scrolls of amnesia {unknown}
 s - a scroll of summoning {unknown}
 u - a scroll of enchant armour {unknown}
 C - 2 scrolls of fear {unknown}
 E - a scroll of poison {unknown}
 I - a scroll of silence {unknown}
 J - a scroll of teleportation
 K - a scroll of vulnerability {unknown}
 N - a scroll of enchant weapon {unknown}
Potions
 f - 2 potions of haste {unknown}
 g - 2 potions of curing
 l - 2 potions of mutation
 m - 3 potions of brilliance {unknown}
 o - a potion of lignification {unknown}
 p - 3 potions of might
 t - 2 potions of heal wounds
 w - 2 potions of attraction {unknown}
 z - a potion of flight {unknown}
 D - 4 potions of resistance
 F - 2 potions of berserk rage {unknown}
 L - a potion of magic {unknown}


   Skills:
 + Level 8.6(13.6) Fighting
 + Level 5.0(10.0) Long Blades
 + Level 11.3(16.3) Polearms
 + Level 13.3(18.3) Armour
 + Level 2.8(7.8) Dodging
 + Level 1.0(6.0) Stealth
 + Level 10.1(15.1) Shields
 + Level 2.1 Invocations


You had 10 spell levels left.
You didn't know any spells.
Your spell library contained the following spells:

 Spells                   Type           Power      Damage    Failure   Level
 Apportation              Tloc           0%         N/A       98%         1
 Necrotise                Necr           0%         1d4       98%         1
 Cigotuvi's Dreadful Rot  Necr/Pois/Air  0%         N/A       99%         2
 Poisonous Vapours        Pois/Air       0%         N/A       99%         2
 Mephitic Cloud           Conj/Pois/Air  0%         N/A       100%        3
 Dispel Undead            Necr           0%         3d6       100%        4
 Freezing Cloud           Conj/Ice/Air   0%         6-21      100%        5
 Summon Small Mammal      Summ           Unusable   N/A       N/A         1
 Call Canine Familiar     Summ           Unusable   N/A       N/A         3
 Summon Guardian Golem    Hex/Summ       Unusable   N/A       N/A         3
 Death Channel            Necr           Unusable   N/A       N/A         6

Dungeon Overview and Level Annotations

Branches:
Dungeon (11/15)            Temple (1/1) D:7            Lair (1/5) D:9
    Orc (0/2) D:9         Gauntlet (1/1)

Altars:
Ashenzari
Cheibriados
Dithmenos
Elyvilon
Fedhas
Gozag
Hepliaklqana
Kikubaaqudgha
Makhleb
Nemelex Xobeh
Okawaru
Qazlal
Ru
Sif Muna
Trog
Uskayaw
Vehumet
Wu Jian
Xom
Yredelemnul
Zin
The Shining One
Jiyva

Shops:
D:4 !   D:8 ?   D:9 [(   D:10 (

Annotations:
D:8 3 runed translucent doors, nms23's ghost, novice DsCj
D:10 4 runed translucent doors, exclusion: orange crystal statue Gauntlet 9 transporters, exclusions: ice statue and oklob plant


Innate Abilities, Weirdness & Mutations

You have a pair of horns on your head.
You reflexively headbutt those who attack you in melee.


Message History

You hit the rime drake. Your headbutt misses the rime drake.
The rime drake is heavily wounded.
You block the rime drake's attack.
You hit the rime drake. Your headbutt misses the rime drake.
The rime drake is heavily wounded.
You barely miss the rime drake. Your headbutt misses the rime drake.
The rime drake is heavily wounded.
The rime drake bites you but does no damage.
You block the rime drake's attack.
You puncture the rime drake!
The rime drake is almost dead.
The rime drake bites you but does no damage.
You barely miss the rime drake. Your headbutt misses the rime drake.
The rime drake is almost dead.
The rime drake barely misses you.
Unknown command.
You puncture the rime drake!
You kill the rime drake!
Okawaru accepts your kill.
There is a transporter landing site here.
The hell hound barks!
You gain the combat prowess of a mighty hero.
Really walk into a travel-excluded area?
The ice statue gestures at you. The bolt of cold hits you!!!
You hit the ice statue.
The ice statue is lightly damaged.
You hit the ice statue but do no damage.
The ice statue is lightly damaged.
The ice statue gestures at you. The freezing blast engulfs you!!
* * * LOW HITPOINT WARNING * * *
You hit the ice statue but do no damage.
The ice statue is lightly damaged.
You are engulfed in freezing vapours.
* * * LOW HITPOINT WARNING * * *
You puncture the ice statue!
The ice statue is moderately damaged.
You are engulfed in freezing vapours.
You die...

..#....©....#..#.##..#
..#..##.##..#..#.###.# .
..#.##...##b#..#3....###.
..#.#.....#b#..#########..
..#........h#.....#©#.....##
..###########.....#©#.....§#
......#©#......#########..##
......#©#......#8○§§○..#..≈#
..###########..#@#####P#..##
..##DD[©[#.##..#☼°§#...#.§§#
..#..##P#.###..####○####..##
..##.####..##..#...#...#.§§#
..#...####..#..#.#####.#.§##
..######©##.#..#.......#..≈#
..##P..#..#.#..#########..##
..##.#..##..#.....#©#.....≈#
..###..#.####.....#©#.....##


You could see an ice statue, a sixfirhy, a hell hound and 2 fire bats.

Vanquished Creatures
  Fannar (D:11)
  2 two-headed ogres
  An elephant (D:9)
  A gargoyle (D:10)
  A rime drake (Gauntlet)
  A kobold demonologist (D:11)
  An ice devil (Gauntlet)
  A troll (D:9)
  A hornet (D:6)
  26 yaks
  4 shadows
  A vampire (D:11)
  2 basilisks (D:9)
  A water moccasin (D:8)
  A sky beast (D:7)
  4 orc warriors
  2 black bears
  3 centaurs
  3 gnoll sergeants
  4 bullfrogs
  11 wights
  8 killer bees
  3 howler monkeys
  2 hounds (D:7)
  2 gnoll boudas (D:8)
  6 orc priests
  A jelly (D:7)
  2 iguanas
  8 orc wizards
  A mummy (D:5)
  5 adders
  14 gnolls
  7 white imps
  2 worms
  3 dart slugs
  41 orcs
  10 ball pythons
  7 bats
  5 endoplasms
  3 giant cockroaches
  5 goblins
  10 hobgoblins
  4 jackals (D:4)
  7 kobolds
  2 quokkas
  6 frilled lizards
  2 hobgoblin zombies (D:5)
  2 kobold zombies (D:5)
  2 rats
242 creatures vanquished.

Notes
Turn   | Place    | Note
-------+----------+-------------------------------------------
     0 | D:1      | Peloso the Minotaur Fighter began the quest for the Orb.
     0 | D:1      | Reached XP level 1. HP: 19/19 MP: 0/0
   306 | D:1      | Reached skill level 4 in Armour
   390 | D:1      | Reached XP level 2. HP: 8/27 MP: 1/1
   731 | D:1      | Reached XP level 3. HP: 32/33 MP: 2/2
  1695 | D:2      | You fall into a shaft and drop 2 floors!
  1794 | D:4      | Reached XP level 4. HP: 25/40 MP: 3/3
  1919 | D:3      | Identified the +3 leather armour "Jiestuvi" {rPois Will+
                  | Dex+3 SInv}
  2224 | D:3      | Found a burning altar of Makhleb.
  2234 | D:3      | Found a sacrificial altar of Ru.
  2235 | D:3      | Found a white marble altar of Elyvilon.
  2235 | D:3      | Found a blossoming altar of Fedhas.
  2235 | D:3      | Found a stormy altar of Qazlal.
  2237 | D:3      | Found an opulent altar of Gozag.
  2238 | D:3      | Found a sparkling altar of Nemelex Xobeh.
  2616 | D:4      | Found Fuihusch's Distillery.
  2616 | D:4      | Found a basalt altar of Yredelemnul.
  2620 | D:4      | Bought a potion of mutation for 88 gold pieces
  2620 | D:4      | Bought a potion of curing for 33 gold pieces
  2620 | D:4      | Bought a potion of heal wounds for 55 gold pieces
  2627 | D:4      | Identified the +7 spear "Uhaf" {heavy, +Blink Int+3 Dex+3}
  2801 | D:4      | Noticed a black bear
  2811 | D:4      | Killed a black bear
  2812 | D:4      | Reached skill level 5 in Armour
  2812 | D:4      | Reached skill level 1 in Dodging
  2812 | D:4      | Reached XP level 5. HP: 40/47 MP: 4/4
  2873 | D:4      | Found an ornate altar of the Wu Jian Council.
  3047 | D:4      | Reached XP level 6. HP: 50/53 MP: 5/5
  3211 | D:5      | Entered Level 5 of the Dungeon
  3226 | D:5      | Reached skill level 1 in Polearms
  3226 | D:5      | Reached skill level 6 in Armour
  3734 | D:5      | Reached skill level 5 in Shields
  3739 | D:5      | Reached skill level 5 in Long Blades
  4069 | D:6      | Noticed a hornet
  4074 | D:6      | Killed a hornet
  4075 | D:6      | Reached XP level 7. HP: 47/60 MP: 6/6
  4206 | D:6      | Found a large runed translucent door.
  4206 | D:6      | Found a large runed translucent door.
  4217 | D:6      | Found a shimmering altar of Xom.
  4217 | D:6      | Found a shimmering altar of Xom.
  4217 | D:6      | Found a shimmering altar of Xom.
  4217 | D:6      | Found a shimmering altar of Xom.
  4219 | D:6      | Found a shimmering altar of Xom.
  4220 | D:6      | Found a shimmering altar of Xom.
  4238 | D:6      | Reached skill level 5 in Fighting
  4436 | D:6      | Found a radiant altar of Vehumet.
  4579 | D:6      | Reached skill level 7 in Armour
  4595 | D:6      | Found a glowing golden altar of the Shining One.
  4600 | D:6      | Found an ancient bone altar of Kikubaaqudgha.
  4659 | D:7      | Reached skill level 5 in Polearms
  4659 | D:7      | Reached XP level 8. HP: 66/68 MP: 7/7
  4866 | D:7      | Found a shadowy altar of Dithmenos.
  5055 | D:7      | Found a staircase to the Ecumenical Temple.
  5070 | Temple   | Entered the Ecumenical Temple
  5078 | Temple   | Became a worshipper of Warmaster Okawaru
  5221 | D:7      | HP: 3/69 [white imp/puff of frost (4)]
  5705 | D:8      | Found a runed translucent gate.
  5706 | D:8      | Found Meukhiv's Magic Scroll Shop.
  5716 | D:8      | Reached skill level 8 in Armour
  5744 | D:8      | Reached * piety under Okawaru
  5961 | D:8      | Reached XP level 9. HP: 22/75 MP: 8/8
  6170 | D:8      | Found a runed translucent gate.
  6232 | D:8      | Reached ** piety under Okawaru
  6248 | D:8      | Reached skill level 9 in Armour
  6469 | D:8      | Found a runed translucent gate.
  6469 | D:8      | Found a viscous altar of Jiyva.
  6469 | D:8      | Noticed nms23's ghost (novice DsCj)
  6887 | D:9      | Noticed a troll
  6889 | D:9      | Found a staircase to the Orcish Mines.
  6889 | D:9      | Found Qiakulikak's Weapon Emporium.
  6889 | D:9      | Found Xeit's Armour Emporium.
  6903 | D:9      | Killed a troll
  6903 | D:9      | Reached *** piety under Okawaru
  7097 | D:9      | Found a staircase to the Lair.
  7098 | D:9      | Noticed an elephant
  7131 | D:9      | Reached skill level 10 in Armour
  7142 | D:9      | Killed an elephant
  7143 | D:9      | Reached XP level 10. HP: 31/86 MP: 9/9
  7344 | D:9      | Reached **** piety under Okawaru
  8333 | D:10     | Entered Level 10 of the Dungeon
  8339 | D:10     | Identified the staff of conjuration "Naxue" {rF+}
  8398 | D:10     | Noticed an orange crystal statue
  8609 | D:10     | Reached skill level 11 in Armour
  8629 | D:10     | Reached skill level 1 in Stealth
  8634 | D:10     | Reached skill level 1 in Invocations
  8699 | D:10     | Noticed a gargoyle
  8711 | D:10     | Killed a gargoyle
  8712 | D:10     | Reached skill level 10 in Polearms
  8737 | D:10     | Found Vozxak's Weapon Shoppe.
  9039 | D:10     | Found a huge runed translucent gate.
  9039 | D:10     | Found a huge runed translucent gate.
  9039 | D:10     | Found a huge runed translucent gate.
  9039 | D:10     | Found a huge runed translucent gate.
  9039 | D:10     | Noticed a death yak
  9423 | D:10     | Noticed a two-headed ogre
  9455 | D:10     | Killed a two-headed ogre
  9456 | D:10     | Reached skill level 12 in Armour
  9831 | D:11     | Noticed a two-headed ogre
  9834 | D:11     | Reached XP level 11. HP: 87/94 MP: 11/11
 10048 | D:11     | Noticed Fannar
 10076 | D:11     | Killed Fannar
 10076 | D:11     | Reached ***** piety under Okawaru
 10371 | D:11     | Killed a two-headed ogre
 10606 | D:11     | Reached skill level 13 in Armour
 11187 | Lair:1   | Entered Level 1 of the Lair of Beasts
 11198 | Lair:1   | Found a gate leading to a gauntlet.
 11225 | Lair:1   | Reached skill level 10 in Shields
 11232 | Gauntlet | Entered a Gauntlet
 11232 | Gauntlet | Found a transporter.
 11232 | Gauntlet | Found a transporter.
 11232 | Gauntlet | Found a transporter.
 11233 | Gauntlet | Noticed a fire crab
 11253 | Gauntlet | Found a transporter.
 11262 | Gauntlet | Noticed an oklob plant
 11263 | Gauntlet | Found a transporter.
 11266 | Gauntlet | Found a transporter.
 11287 | Gauntlet | Found a transporter.
 11290 | Gauntlet | Noticed a hell hog
 11297 | Gauntlet | Noticed a sixfirhy
 11300 | Gauntlet | Found a transporter.
 11304 | Gauntlet | Found a transporter.
 11305 | Gauntlet | Noticed a sixfirhy
 11307 | Gauntlet | Found a transporter.
 11319 | Gauntlet | Found a transporter.
 11322 | Gauntlet | Found a transporter.
 11322 | Gauntlet | Found the +7 great mace "Undeadhunter" {deathbane, rN+}
 11361 | Gauntlet | Identified the -1 pair of gloves of Okawaru's Reproof
                  | {Rampage rC+} (Okawaru gifted it to you in a Gauntlet)
 11361 | Gauntlet | Received a gift from Okawaru
 11413 | Gauntlet | Engulfed by an ice statue's freezing vapour

Illustrated notes

Levels and vault maps discovered:
D:1:      eino_arrival_cavern_c, layout_loops_ring, serial_bayou,
          serial_bayou_pond_d, serial_bayou_pond_b, serial_bayou_pond_d,
          serial_bayou_crossing, minmay_pentomino_w4
D:2:      layout_basic
D:3:      layout_rooms, minitemple, kennysheep_path_1
D:4:      layout_loops_ring, nicolae_wu_jian_wuxing_cycle,
          yredelemnul_altar_generic, serial_shops, shop
D:5:      layout_loops_cross, minmay_mini_ossuary
D:6:      layout_rooms, vehumet_altar_wand_db, jmf_multi_god_temple2,
          xom_redecorated, nicolae_elevator_lobby_plus
D:7:      layout_loops_corners, grunt_dithmenos_smoke,
          minmay_temple_entry_gardened_gates
D:8:      layout_cave_pools, gammafunk_ghost_ooze, serial_shops,
          nicolae_shop_just_a_little_nook
D:9:      layout_layer_cave, david_lair_generic, orc_david_3
D:10:     lemuel_bear_cage, layout_basic, serial_shops, shop,
          grunt_decor_resistance, minmay_statue_bubble
D:11:     layout_basic, kennysheep_generic_room_9, uniq_fannar
Temple:   nicolae_temple_two_arcs
Lair:1:   layout_roguey [special_room_bee], enter_volcano_3,
          gauntlet_entry_generic, minmay_shattered_shrine, uniq_urug
Gauntlet: minmay_gauntlet_mixed_big_or_small [nicolae_gauntlet_arena_quarters,
          minmay_gauntlet_arena_77_broken_ladder,
          gammafunk_gauntlet_arena_mazey, minmay_gauntlet_arena_77_two_paths,
          gammafunk_gauntlet_arena_split_x, minmay_gauntlet_arena_77_p_blocks,
          dreamdust_gauntlet_exit_labyrinth]

Skill      XL: |  1  2  3  4  5  6  7  8  9 10 11 |
---------------+----------------------------------+-----
Armour         | 4 5 6 7 8 10 12 13 | 13.3
Fighting       | 4 5 6 7 8 |  8.6
Long Blades    | 3 4 5 |  5.0
Shields        | 4 5 7 8 9 10 | 10.1
Dodging        | 1 2 |  2.8
Polearms       | 3 5 6 8 10 11 | 11.3
Stealth        | 1 |  1.0
Invocations    | 1 2 |  2.1

Action                     |  1- 3 |  4- 6 |  7- 9 | 10-12 || total
---------------------------+-------+-------+-------+-------++-------
  Melee: Long sword        |   118 |    53 |       |       ||   171
         Headbutt          |    17 |    15 |    42 |    45 ||   119
         Spear             |       |    60 |   214 |   260 ||   534
 Invoke: Heroism           |       |       |       |     6 ||     6
    Use: Scroll            |     5 |       |       |     2 ||     7
         Potion            |       |       |     2 |       ||     2
 Armour: Scale mail        |    62 |       |       |       ||    62
         Chain mail        |       |    29 |       |       ||    29
         Leather armour    |       |     8 |       |       ||     8
         Plate armour      |       |    54 |   155 |    96 ||   305
  Dodge: Dodged            |    54 |    51 |   101 |    82 ||   288
  Block: Buckler           |    32 |    37 |    79 |    74 ||   222
